 Dungeon Crawl Stone Soup version bcrawl-1.12-10-g10a67aac0f (webtiles) character file.

Game seed: 16355053471171001322

713 kuilvaprogi the Slasher (level 7, -3/60 HPs)
             Began as a Red Draconian Gladiator on June 12, 2019.
             Slain by an orc priest
             ... wielding a +0 club
              (5 damage)
             ... on level 3 of the Dungeon.
             The game lasted 00:22:39 (4307 turns).

kuilvaprogi the Slasher (Red Draconian Gladiator)   Turns: 4307, Time: 00:22:39

Health: -3/60      AC:  7    Str: 18    XL:     7   Next: 41%
Magic:  7/7        EV: 14    Int:  8    God:
Gold:   47         SH:  1    Dex: 13    Spells: 6/6 levels left

rFire    + . .     SeeInvis .   a - +0 long sword
rCold    . . .     Gourm    .   (no shield)
rNeg     . . .     Faith    .   (armour unavailable)
rPois    .         Spirit   .   b - +0 hat
rElec    .         Reflect  .   (no cloak)
rCorr    .         Harm     .   (no gloves)
MR       .....                  f - +0 pair of boots
Stlth    +.........             (no amulet)
HPRegen  0.20/turn              (no ring)
MPRegen  0.10/turn              (no ring)

@: short of breath
A: breathe fire, unfitting armour, fire resistance 1, cold-blooded, AC +6
a: Breathe Fire


You were on level 3 of the Dungeon.
You were very hungry.

You visited 1 branch of the dungeon, and saw 3 of its levels.
You also visited: Sewer.

You collected 137 gold pieces.
You spent 90 gold pieces at shops.

Inventory:

Hand Weapons
 a - a +0 long sword (weapon)
Missiles
 c - 3 throwing nets {!f}
 i - 96 stones (quivered)
Armour
 b - a +0 hat (worn)
 f - a +0 pair of boots (worn)
Wands
 n - a wand of polymorph (3)
 o - a wand of iceblast (6)
Scrolls
 e - a scroll of amnesia {unknown}
 h - 3 scrolls of identify {unknown}
 j - a scroll of fear {unknown}
 k - a scroll of enchant weapon {unknown}
 l - 6 scrolls of magic mapping {unknown}
 m - 3 scrolls of teleportation {unknown}
 r - a scroll of remove curse {unknown}
Potions
 g - 6 potions of magic
 p - a potion of might {unknown}
Comestibles
 d - 4 rations {!d}


   Skills:
 + Level 4.5 Fighting
 * Level 5.9 Long Blades
 + Level 3.7 Throwing
 + Level 4.3 Dodging


You had 6 spell levels left.
You didn't know any spells.
Your spell library was empty.

Dungeon Overview and Level Annotations

Branches:
Dungeon (3/12)

Altars:
Makhleb
Zin


Innate Abilities, Weirdness & Mutations

You can breathe blasts of fire.
Your fiery red scales are hard. (AC +6)
You cannot fit into any form of body armour.
Your flesh is heat resistant. (rF+)
You are cold-blooded and may be slowed by cold attacks.


Message History

The orc priest mumbles some strange prayers to Beogh against you.
Beogh smites you!
You hear a shout!
You hear a shout! x2
You hit the orc priest.
You tail-slap the orc priest, but do no damage.
The orc priest is almost dead.
The orc priest hits you with a +0 club.
* * * LOW HITPOINT WARNING * * *
You barely miss the orc priest.
The orc priest is almost dead.
The orc priest mumbles some strange prayers to Beogh against you.
Pain shoots through your body!
* * * LOW HITPOINT WARNING * * *
You closely miss the orc priest.
The orc priest is almost dead.
You closely miss the orc priest.
Your tail-slap misses the orc priest.
The orc priest is almost dead.
The orc priest hits you with a +0 club.
You die...

#########
#....##.#### #
....#....###
#.##..#...... # .K.
#..)..#.##.##.# .o..
##.#☼o@.......#
..##. .o
####....#####....
..# #...........# ..
#.##........# .
#.##.##..#..###.
#..).).......... h.
####.....#.#### # .#
#.##.#...#.###### ..
####.##.............


You could see an orc priest.

Vanquished Creatures
  A sky beast (D:3)
  2 bullfrogs (Sewer)
  A crimson imp (D:3)
  2 orc priests (D:3)
  An orc wizard (D:3)
  An iguana (D:3)
  Ijyb (D:2)
  Terence (D:3)
  A howler monkey skeleton (D:2)
  11 adders
  3 river rats (Sewer)
  3 worms (D:2)
  5 dart slugs
  5 leopard geckos
  11 orcs (D:3)
  7 bats
  A giant cockroach (D:1)
  6 goblins
  9 hobgoblins
  12 jackals
  A quokka (D:2)
  11 ball pythons
  4 frilled lizards
  15 kobolds
  32 rats
147 creatures vanquished.

Notes
Turn   | Place    | Note
-------+----------+-------------------------------------------
     0 | D:1      | kuilvaprogi the Draconian Gladiator began the quest for the
                  | Orb.
     0 | D:1      | Reached XP level 1. HP: 17/17 MP: 1/1
   219 | D:1      | Reached XP level 2. HP: 25/25 MP: 2/2
   696 | D:1      | Reached XP level 3. HP: 28/30 MP: 3/3
  1295 | D:2      | Reached XP level 4. HP: 36/37 MP: 4/4
  1619 | D:2      | Reached skill level 4 in Long Blades
  1729 | D:2      | Found a burning altar of Makhleb.
  1965 | D:2      | Found a glowing silver altar of Zin.
  1969 | D:2      | Found Zin's Purification Station.
  1975 | D:2      | Bought a potion of curing for 90 gold pieces
  2346 | D:3      | Reached XP level 5. HP: 45/45 MP: 5/5
  2374 | D:3      | Noticed Ijyb
  2466 | D:2      | Killed Ijyb
  2635 | D:3      | Found a glowing drain.
  2659 | D:3      | Noticed Terence
  2661 | Sewer    | Entered a sewer
  2946 | Sewer    | Reached XP level 6. HP: 36/51 MP: 6/6
  3168 | Sewer    | Reached skill level 5 in Long Blades
  3364 | D:3      | Killed Terence
  3364 | D:3      | Your scales start taking on a fiery red colour.
  3364 | D:3      | Reached XP level 7. HP: 42/59 MP: 7/7
  3364 | D:3      | Gained mutation: Your flesh is heat resistant. (rF+) [Red
                  | Draconian growth]
  3938 | D:3      | HP: 3/60 [orc priest/divine providence (12)]
  3962 | D:3      | HP: 2/60 [goblin/+0 club (6)]
  4305 | D:3      | HP: 2/60 [orc priest/nerve-wracking pain (14)]
  4307 | D:3      | Slain by an orc priest

Skill      XL: |  1  2  3  4  5  6 |
---------------+-------------------+-----
Throwing       | 2 3 |  3.7
Dodging        | 3 4 |  4.3
Long Blades    | 4 5 |  5.9
Fighting       | 3 4 |  4.5

Action                   |  1- 3 |  4- 6 |  7- 9 || total
-------------------------+-------+-------+-------++-------
Melee: Long sword        |   158 |   286 |    86 ||   530
       Tailslap          |    17 |    35 |    11 ||    63
       Unarmed           |       |    18 |       ||    18
Throw: Stone             |       |   180 |    40 ||   220
 Abil: Breathe Fire      |       |       |     3 ||     3
  Use: Potion            |       |     6 |       ||     6
 Stab: Sleeping          |     1 |       |     1 ||     2
  Eat: Chunk             |     1 |     4 |     3 ||     8
       Ration            |       |     1 |       ||     1
Armor: Skin              |    50 |   167 |    26 ||   243
Dodge: Dodged            |   109 |   332 |    37 ||   478
Block: Other             |     2 |    14 |     3 ||    19
